 Dungeon Crawl Stone Soup version 0.31.0-11-ge490571c62 (webtiles) character file.

Game seed: 14302025146334333024

8 browni3141 the Conjurer (level 2, 19/19 HPs)
             Began as a Demonspawn Conjurer on Jan 30, 2024.
             Got out of the dungeon alive.
             The game lasted 00:00:11 (349 turns).

browni3141 the Conjurer (Demonspawn Conjurer)        Turns: 349, Time: 00:00:12

Health: 19/19      AC:  2    Str:  7    XL:     2   Next: 0%
Magic:  5/5        EV: 12    Int: 18    God:
Gold:   44         SH:  0    Dex: 11    Spells: 4/5 levels left

rFire   . . .        (no weapon)
rCold   . . .        (no shield)
rNeg    . . .        a - +0 robe
rPois   .            (no helmet)
rElec   .            (no cloak)
rCorr   .            (no gloves)
SInv    .            (no boots)
Will    .....        (no amulet)
Stlth   ++           (no ring)
HPRegen 0.23/turn    (no ring)
MPRegen 0.09/turn

%: no passive effects
@: no status effects
A: hooves 1
a: no special abilities


You escaped.
You visited 1 branch of the dungeon, and saw 1 of its levels.

You collected 44 gold pieces.

Inventory:

Armour
 a - a +0 robe (worn)
Scrolls
 c - 2 scrolls of fog {unknown}
 d - a scroll of identify {unknown}
Potions
 b - a potion of magic


   Skills:
 + Level 2.0 Dodging
 + Level 2.0 Stealth
 + Level 2.1 Spellcasting
 + Level 4.1 Conjurations


You had 4 spell levels left.
You knew the following spells:

 Your Spells              Type           Power      Damage    Failure   Level
a - Magic Dart            Conj           64%        1d6       3%          1

Your spell library contained the following spells:

 Spells                   Type           Power      Damage    Failure   Level
 Searing Ray              Conj           32%        2d5       4%          2
 Mercury Vapours          Alch/Air       2%         N/A       26%         2
 Passwall                 Erth           1%         N/A       47%         3
 Fulminant Prism          Conj/Alch      4%         3d5       58%         4
 Iskenderun's Mystic Bla  Conj/Tloc      9%         2d4       58%         4
 Animate Armour           Summ/Erth      2%         N/A       87%         4


Dungeon Overview and Level Annotations

Branches:
Dungeon (1/15)

Altars:


Innate Abilities, Weirdness & Mutations

You have large cloven feet.


Message History

Setting a skill training target for Throwing at 11.0.
You now have 9 gold pieces.
c - a scroll labelled ONIPHEYKLU A ball python comes into view.
A ball python is nearby!
The magic dart hits the ball python.
The ball python is severely wounded.
The magic dart hits the ball python.
You kill the ball python!
You can't see any susceptible monsters within range! (Use Z to cast anyway.) Magic restored.
You see here a ball python corpse.
You now have 19 gold pieces (gained 10).
You now have 25 gold pieces (gained 6).
A rat comes into view.
A rat is nearby!
A rat is nearby!
The magic dart hits the rat.
The rat is heavily wounded.
The rat squeaks loudly.
The magic dart hits the rat.
You kill the rat!
You can't see any susceptible monsters within range! (Use Z to cast anyway.)
You pick up the Information on the Stony Hornet and begin reading...
It was the Information on the Stony Hornet.
You add the spells Mercury Vapours, Passwall and Animate Armour to your library.
An endoplasm comes into view.
The endoplasm quivers.
The endoplasm moves out of view.
You miscast Magic Dart.
You are very lightly contaminated with residual magic.
Nothing appears to happen.
The magic dart hits the endoplasm.
The endoplasm is lightly wounded.
The magic dart hits the endoplasm.
The endoplasm is heavily wounded.
An endoplasm is nearby!
An endoplasm is nearby!
You hit the endoplasm.
The endoplasm is severely wounded.
The endoplasm jiggles.
The endoplasm freezes you.
You are frozen.
You hit the endoplasm but do no damage.
The endoplasm is severely wounded.
The endoplasm closely misses you.
You hit the endoplasm.
You kill the endoplasm!
Your magical contamination has completely faded away.
HP restored.
A dart slug comes into view.
You see here a scroll labelled ONIPHEYKLU.
A dart slug is nearby!
A dart slug is nearby!
The magic dart hits the dart slug.
The dart slug is heavily wounded.
The dart slug misses you.
The magic dart hits the dart slug.
The dart slug is severely wounded.
The magic dart hits the dart slug.
The dart slug is almost dead.
The dart slug launches a dart at you. The slug dart misses you.
You are out of magic!
You hit the dart slug but do no damage.
The dart slug is almost dead.
The dart slug closely misses you.
You hit the dart slug but do no damage.
The dart slug is almost dead.
You hit the dart slug.
You kill the dart slug!
Your Stealth skill increases to level 2!
You see here a dart slug corpse.
You see here a dart slug corpse.
c - 2 scrolls labelled ONIPHEYKLU (gained 1)
A kobold comes into view. It is wielding a +0 club.
You see here 15 gold pieces.
A kobold is nearby!
A kobold is nearby!
The magic dart hits the kobold.
You kill the kobold!
You can't see any susceptible monsters within range! (Use Z to cast anyway.)
You can't see any susceptible monsters within range! (Use Z to cast anyway.)
You now have 40 gold pieces (gained 15).
d - a scroll labelled QEQYIM AQUIL You now have 44 gold pieces (gained 4).
A hobgoblin comes into view.
The hobgoblin shouts!
The magic dart hits the hobgoblin but does no damage.
The magic dart hits the hobgoblin.
The hobgoblin is severely wounded.
The magic dart hits the hobgoblin.
You kill the hobgoblin!
Your Dodging skill increases to level 2!
You have reached level 2!
Your demonic ancestry asserts itself...
Your feet thicken and deform.
You see here a ball python skeleton.
There is a staircase leading out of the dungeon here.
You have escaped!

♣♣ ♣. ♣.♣♣
..♣ ..♣♣♣
♣♣.>.♣
♣...♣♣
♣♣.@..♣
♣....♣♣
♣♣♣..♣
♣..♣♣♣
♣...♣
♣♣..♣
♣♣.♣♣♣
#### ♣...♣
#...
#..#######
#.##


There were no monsters in sight!

Vanquished Creatures
  A dart slug (D:1)
  A ball python (D:1)
  An endoplasm (D:1)
  A hobgoblin (D:1)
  A kobold (D:1)
  A rat (D:1)
6 creatures vanquished.

Notes
Turn   | Place    | Note
-------+----------+-------------------------------------------
     0 | D:1      | browni3141 the Demonspawn Conjurer began the quest for the
                  | Orb.
     0 | D:1      | Reached XP level 1. HP: 13/13 MP: 3/3
   135 | D:1      | Got the Information on the Stony Hornet
   269 | D:1      | Gained mutation: You have large cloven feet. [demonic
                  | ancestry]
   269 | D:1      | Reached XP level 2. HP: 19/19 MP: 0/5
   349 | D:$      | Got out of the dungeon alive.

Illustrated notes

Levels and vault maps discovered:
D:1:      roderic_dead_forest, layout_basic, hex_large

Skill      XL: |  1 |
---------------+----+-----
Stealth        | 2 |  2.0
Dodging        | 2 |  2.0
Spellcasting   | |  2.1
Conjurations   | |  4.1

Action                     || total
---------------------------++-------
  Melee: Unarmed           ||     6
   Cast: Magic Dart        ||    13
  Dodge: Dodged            ||     4
